 Dungeon Crawl Stone Soup version 0.20.1-1-g8b1a95d (webtiles) character file.

245 Peloso the Shield-Bearer (level 5, -2/70 HPs)
             Began as a Minotaur Fighter on July 7, 2017.
             Slain by an adder (3 damage)
             ... on level 3 of the Dungeon.
             The game lasted 00:05:13 (1601 turns).

Peloso the Shield-Bearer (Minotaur Fighter)         Turns: 1601, Time: 00:05:14

Health: -2/70      AC:  7    Str: 25    XL:     5   Next: 84%
Magic:  4/4        EV:  8    Int:  5    God:
Gold:   101        SH: 10    Dex: 11    Spells: 4/4 levels left

rFire    . . .     SeeInvis .   a - +0 long sword
rCold    . . .     Gourm    .   c - +0 shield
rNeg     . . .     Faith    .   b - +0 scale mail
rPois    .         Spirit   .   (helmet restricted)
rElec    .         Reflect  .   (no cloak)
rCorr    .         Harm     .   (no gloves)
MR       .....                  (no boots)
Stlth    ..........             r - amulet of magic regeneration
Regen    0.3/turn               (no ring)
MPRegen  0.2/turn               (no ring)

@: berserking, very quick
A: retaliatory headbutt, horns 2
a: no special abilities


You were on level 3 of the Dungeon.
You were not hungry.

You visited 1 branch of the dungeon, and saw 3 of its levels.

You collected 101 gold pieces.

Inventory:

Hand Weapons
 a - a +0 long sword (weapon)
Armour
 b - a +0 scale mail (worn)
 c - a +0 shield (worn)
 g - a +0 chain mail
Jewellery
 r - an amulet of magic regeneration (around neck)
Wands
 o - a wand of iceblast (9/15)
 t - a wand of random effects (28/48)
Scrolls
 d - a scroll of identify
 e - a scroll of fear
 n - a scroll of amnesia
Potions
 h - a potion of degeneration
 i - a potion of brilliance {unknown}
 q - 2 potions of berserk rage
 s - a potion of curing {unknown}
Comestibles
 f - 2 bread rations
 j - 3 fruits
 l - a meat ration


   Skills:
 + Level 4.4 Fighting
 + Level 4.6 Long Blades
 + Level 4.6 Armour
 + Level 1.3 Dodging
 + Level 0.1 Stealth
 + Level 5.2 Shields


You had 4 spell levels left.
You didn't know any spells.

Dungeon Overview and Level Annotations

Branches:
Dungeon (3/15)

Altars:
Nemelex Xobeh
Xom


Innate Abilities, Weirdness & Mutations

You reflexively headbutt those who attack you in melee.
You have a pair of horns on your head.


Message History

The goblin closely misses you. The goblin hits you but does no damage.
The goblin barely misses you. You furiously retaliate!
You headbutt the goblin!
You kill the goblin!
Robin throws the goblin at you!
* * * LOW HITPOINT WARNING * * *
The adder bites you but does no damage.
The hobgoblin hits you but does no damage.
You are too berserk!
You slice Robin!!
You kill Robin!
The goblin hits you but does no damage. The goblin barely misses you.
You riposte.
You hit the goblin.
You kill the goblin!
The goblin hits you with a dagger.
* * * LOW HITPOINT WARNING * * *
The adder closely misses you. You furiously retaliate!
You headbutt the adder.
Your shield prevents you from hitting the hobgoblin.
The hobgoblin hits you but does no damage.
The adder bites you.
You die...

#.# #.#####. #.# #.#
#. #.# #.#####.
######.######.......
#..................#
###.####.######.###...
#.....##.# #.###.#.
#(#...)g##.# #.......
#.....g@ggg# #.###.##
###...)S#### #.# #.#
#...... #.###.##
###.#... #.......
#...... #####.##
###..... ##...#
#.....# ##....#
###.########.....#
#...........


You could see an adder, a hobgoblin and 4 goblins.

Vanquished Creatures
  The ghost of Peloso the Covered, an amateur MiFi of Okawaru (D:3)
  A hound (D:3)
  Jessica (D:2)
  Robin (D:3)
  3 adders (D:2)
  An ooze (D:1)
  2 worms (D:2)
  2 dart slugs
  A leopard gecko (D:1)
  An orc (D:3)
  4 bats
  3 giant cockroaches
  11 goblins
  6 hobgoblins
  4 kobolds
  A quokka (D:2)
  5 frilled lizards
  5 rats
53 creatures vanquished.

Notes
Turn   | Place    | Note
-------+----------+-------------------------------------------
     0 | D:1      | Peloso the Minotaur Fighter began the quest for the Orb.
     0 | D:1      | Reached XP level 1. HP: 19/19 MP: 0/0
    64 | D:1      | Reached skill level 4 in Shields
   127 | D:1      | Reached XP level 2. HP: 27/27 MP: 1/1
   818 | D:2      | Reached XP level 3. HP: 30/33 MP: 2/2
   975 | D:2      | Noticed Jessica
   986 | D:2      | Killed Jessica
   986 | D:2      | Reached XP level 4. HP: 40/40 MP: 3/3
  1322 | D:3      | Found a shimmering altar of Xom.
  1421 | D:3      | Noticed Peloso's ghost (amateur MiFi)
  1427 | D:3      | Killed Peloso's ghost
  1427 | D:3      | Reached skill level 1 in Dodging
  1427 | D:3      | Reached skill level 5 in Shields
  1427 | D:3      | Reached XP level 5. HP: 43/47 MP: 4/4
  1466 | D:3      | Found a sparkling altar of Nemelex Xobeh.
  1580 | D:3      | Noticed Robin
  1598 | D:3      | HP: 2/47 [hobgoblin/club[Robin] (4)]
  1600 | D:3      | Killed Robin
  1601 | D:3      | Slain by an adder

Skill      XL: |  1  2  3  4 |
---------------+-------------+-----
Shields        | 4 5 |  5.2
Long Blades    | 3 4 |  4.6
Armour         | 4 |  4.6
Fighting       | 4 |  4.4
Dodging        | 1 |  1.3
Stealth        | |  0.1

Action                   |  1- 3 |  4- 6 || total
-------------------------+-------+-------++-------
Melee: Long sword        |    72 |    59 ||   131
       Headbutt          |    16 |     5 ||    21
  Use: Scroll            |       |     6 ||     6
       Potion            |       |     2 ||     2
  Eat: Chunk             |       |     2 ||     2
Armor: Scale mail        |    25 |    34 ||    59
Dodge: Dodged            |    22 |    35 ||    57
Block: Shield            |    43 |    42 ||    85
       Rpst.: Long sword |     4 |     9 ||    13
